 Dungeon Crawl Stone Soup version 0.23-a0-269-g65e0026 (webtiles) character file.

317 mhoghedin the Skirmisher (level 6, -1/49 HPs)
             Began as a Mummy Fighter on Sept 30, 2018.
             Was an Initiate of Gozag.
             Slain by a sky beast (5 damage)
             ... on level 5 of the Dungeon.
             The game lasted 00:06:30 (3773 turns).

mhoghedin the Skirmisher (Mummy Fighter)            Turns: 3773, Time: 00:06:31

Health: -1/49      AC:  6    Str: 22    XL:     6   Next: 20%
Magic:  6/6        EV:  7    Int:  7    God:    Gozag
Gold:   390        SH: 15    Dex: 16    Spells: 5/5 levels left

rFire    x . .     SeeInvis +   a - +0 flail
rCold    + . .     Gourm    .   c - +3 shield
rNeg     + + +     Faith    .   b - +0 scale mail
rPois    ∞         Spirit   .   (no helmet)
rElec    .         Reflect  +   (no cloak)
rCorr    .         Harm     .   (no gloves)
MR       .....                  (no boots)
Stlth    ..........             o - +2 amulet of reflection
HPRegen  0.16/turn              e - +5 ring of dexterity
MPRegen  0.10/turn              j - ring of see invisible {sInv, !d}

@: no status effects
A: no food or potions, fire vulnerability, cold resistance 1, negative energy
resistance 3, torment resistance, unbreathing
a: Potion Petition, Call Merchant, Bribe Branch, Renounce Religion


You were on level 5 of the Dungeon.
You worshipped Gozag.
Gozag was aware of your devotion.
You were not hungry.

You visited 1 branch of the dungeon, and saw 5 of its levels.

You collected 416 gold pieces.
You paid 26 gold pieces to Gozag.

Inventory:

Hand Weapons
 a - a +0 flail (weapon)
Armour
 b - a +0 scale mail (worn)
 c - a +3 shield (worn)
 p - a +0 helmet
   (You found it on level 4 of the Dungeon)
Jewellery
 e - a +5 ring of dexterity (left hand)
   (You found it on level 1 of the Dungeon)
 j - a ring of see invisible (right hand) {sInv, !d}
   (You found it on level 2 of the Dungeon)
 l - an uncursed ring of protection from fire {rF+, !d}
   (You found it on level 3 of the Dungeon)
 o - a +2 amulet of reflection (around neck)
   (You found it on level 3 of the Dungeon)
Wands
 i - a wand of digging (11)
   (You found it on level 4 of the Dungeon)
 q - a wand of disintegration (5)
   (You found it on level 5 of the Dungeon)
 r - a wand of flame (30)
   (You found it on level 5 of the Dungeon)
Scrolls
 d - a scroll of random uselessness {unknown}
 f - a scroll of identify
 g - 4 scrolls of amnesia
 h - a scroll of teleportation {unknown}
 k - a scroll of enchant weapon
 m - a scroll of fear {unknown}
 n - a scroll of magic mapping {!r}


   Skills:
 + Level 4.3 Fighting
 + Level 3.0 Maces & Flails
 + Level 3.5 Armour
 + Level 3.5 Shields


You had 5 spell levels left.
You didn't know any spells.
Your spell library was empty.

Dungeon Overview and Level Annotations

Branches:
Dungeon (5/15)
 Temple: D:4-7

Altars:
Cheibriados
Dithmenos
Gozag
Hepliaklqana
Nemelex Xobeh
Okawaru
Ru
Trog
Vehumet
Wu Jian


Innate Abilities, Weirdness & Mutations

You do not eat or drink.
Your flesh is vulnerable to fire.
You are immune to poison.
Your flesh is cold resistant. (rC+)
You are immune to negative energy. (rN+++)
You are immune to unholy pain and torment.
You can survive without breathing.


Message History

An orc comes into view. It is wielding a hand axe.
The orc shouts!
The sky beast flickers out of sight!
Deactivating autopickup; reactivate with Ctrl-A.
Found a stone staircase leading down.
Something hits you but does no damage.
You thump the orc!
You kill the orc!
You block something's attack. Something hits you but does no damage.
A giant cockroach comes into view.
Things that are here:
8 gold pieces; a hand axe A sky beast appears from thin air!
Reactivating autopickup.
You block the giant cockroach's attack.
You hit the sky beast. You block the giant cockroach's attack.
You block the sky beast's attack.
You barely miss the sky beast. You block the giant cockroach's attack.
You block the sky beast's attack. The giant cockroach barely misses you.
The sky beast hits you but does no damage.
You miss the sky beast. You block the giant cockroach's attack.
The sky beast hits you but does no damage.
The giant cockroach bites you but does no damage.
You hit the sky beast.
The giant cockroach bites you but does no damage.
The sky beast flickers out of sight!
Deactivating autopickup; reactivate with Ctrl-A.
Something hits you. Something shocks you.
You take 8 damage, and have 41/49 hp.
You hit something but do no damage. You block the giant cockroach's attack.
Something hits you. Something shocks you.
The giant cockroach barely misses you. Something hits you but does no damage.
You take 8 damage, and have 33/49 hp.
You barely miss the giant cockroach. You block the giant cockroach's attack.
Something hits you but does no damage.
You thump the giant cockroach!
You kill the giant cockroach!
Something hits you but does no damage.
You see here 5 gold pieces.
You miss something. You barely miss something.
Something hits you but does no damage. Something hits you but does no damage.
A sky beast appears from thin air!
Reactivating autopickup.
The sky beast hits you but does no damage.
You closely miss the sky beast.
The sky beast flickers out of sight!
Deactivating autopickup; reactivate with Ctrl-A.
Something hits you but does no damage.
You closely miss something. You block something's attack.
You closely miss something. Something hits you. Something shocks you.
Something hits you but does no damage.
You take 6 damage, and have 31/49 hp.
You miss something. Something hits you but does no damage.
You closely miss something. Something hits you but does no damage.
You barely miss something. Something hits you but does no damage.
You block something's attack.
You closely miss something. Something hits you. Something shocks you.
You take 8 damage, and have 24/49 hp.
You hit something. Something hits you but does no damage.
You closely miss something. You block something's attack.
Something hits you but does no damage.
You hit something. You block something's attack.
You're wearing all the rings you can.
Remove which one? (? for menu, Esc to You remove your ring of protection from fire {rF+, !d}.
Reactivating autopickup.
j - a ring of see invisible (right hand) {sInv, !d} The sky beast closely misses you.
You closely miss the sky beast. You block the sky beast's attack.
You hit the sky beast but do no damage. You block the sky beast's attack.
You hit the sky beast.
The sky beast hits you but does no damage.
The sky beast hits you. The sky beast shocks you.
You take 7 damage, and have 18/49 hp.
You barely miss the sky beast. The sky beast barely misses you.
You closely miss the sky beast. You block the sky beast's attack.
You hit the sky beast.
The sky beast hits you but does no damage.
The sky beast barely misses you.
Your shield and scale mail prevent you from hitting the sky beast.
The sky beast hits you but does no damage.
You barely miss the sky beast. The sky beast barely misses you.
You hit the sky beast. The sky beast closely misses you.
Your shield prevents you from hitting the sky beast.
You block the sky beast's attack. x2
You closely miss the sky beast. You block the sky beast's attack.
Your shield prevents you from hitting the sky beast.
The sky beast hits you. The sky beast shocks you.
* * * LOW HITPOINT WARNING * * *
You take 6 damage, and have 14/49 hp.
You miss the sky beast. The sky beast hits you.
* * * LOW HITPOINT WARNING * * *
The sky beast shocks you.
* * * LOW HITPOINT WARNING * * *
You block the sky beast's attack.
You take 7 damage, and have 7/49 hp.
You closely miss the sky beast. The sky beast hits you.
* * * LOW HITPOINT WARNING * * *
The sky beast shocks you.
You die...
Your body crumbles into a pile of gold.

######...#.........
#........#.........
#........#........#
#...............).#
####.................#
#.......#.............
####.....#.#......##.###.
#..................#... .
#...%...@Y..........####
#####................#
#...[..................
#.###................##
#.# #........<#.......
#.# ######....#.#.... #.#
###....#.#...
##.######......#
#.......#......#


You could see a sky beast.

Vanquished Creatures
  2 orc priests (D:3)
  4 orc wizards (D:3)
  A hound skeleton (D:4)
  2 adders (D:2)
  2 oozes (D:2)
  7 worms (D:2)
  3 dart slugs (D:1)
  A leopard gecko (D:1)
  9 orcs
  8 giant cockroaches
  4 goblins
  7 hobgoblins
  5 jackals (D:4)
  4 kobolds
  A quokka (D:2)
  2 ball pythons
  10 bats
  5 frilled lizards
  3 rats
80 creatures vanquished.

Notes
Turn   | Place    | Note
-------+----------+-------------------------------------------
     0 | D:1      | mhoghedin the Mummy Fighter began the quest for the Orb.
     0 | D:1      | Reached XP level 1. HP: 18/18 MP: 1/1
   210 | D:1      | Reached XP level 2. HP: 24/24 MP: 2/2
   606 | D:1      | Reached skill level 2 in Maces & Flails
   606 | D:1      | Reached XP level 3. HP: 25/29 MP: 3/3
  1422 | D:2      | Reached XP level 4. HP: 32/36 MP: 4/4
  1457 | D:2      | Reached skill level 3 in Armour
  1649 | D:2      | Reached skill level 3 in Shields
  1667 | D:2      | Found a bloodstained altar of Trog.
  1724 | D:2      | Found a sparkling altar of Nemelex Xobeh.
  1724 | D:2      | Found an opulent altar of Gozag.
  1731 | D:2      | Became a worshipper of Gozag Ym Sagoz the Greedy
  1750 | D:2      | Found a snail-covered altar of Cheibriados.
  1750 | D:2      | Found a radiant altar of Vehumet.
  1754 | D:2      | Found a hazy altar of Hepliaklqana.
  2129 | D:3      | HP: 9/37 [orc wizard/magic dart (7)]
  2135 | D:3      | Reached XP level 5. HP: 21/42 MP: 5/5
  2331 | D:3      | Reached skill level 4 in Fighting
  2728 | D:3      | Reached XP level 6. HP: 21/48 MP: 6/6
  3136 | D:3      | Found a sacrificial altar of Ru.
  3136 | D:3      | Found a shadowy altar of Dithmenos.
  3137 | D:3      | Found an iron altar of Okawaru.
  3253 | D:4      | Found an ornate altar of the Wu Jian Council.
  3261 | D:4      | Reached skill level 3 in Maces & Flails
  3661 | D:5      | Entered Level 5 of the Dungeon
  3714 | D:5      | Noticed a sky beast
  3772 | D:5      | HP: 7/49 [sky beast (6)]
  3773 | D:5      | Slain by a sky beast

Vault maps used:
D:1:      kilobyte_arrival_exit_the_forest, minmay_domino_4
D:2:      grunt_temple_overflow_opulence, nicolae_overflow_hidden_temple,
          first_ration, patterned_corridor
D:3:      gammafunk_temple_overflow_claw, serial_park_tiny_1,
          grunt_decor_mini_mirrors
D:4:      overflow_temple_1_default
D:5:      temple_green

Skill      XL: |  1  2  3  4  5  6 |
---------------+-------------------+-----
Maces & Flails | 2 3 |  3.0
Armour         | 3 |  3.5
Shields        | 3 |  3.5
Fighting       | 4 |  4.3

Action                   |  1- 3 |  4- 6 || total
-------------------------+-------+-------++-------
Melee: Flail             |   141 |   195 ||   336
Invok: Potion Petition   |       |     1 ||     1
  Use: Scroll            |       |     7 ||     7
Armor: Scale mail        |    82 |    90 ||   172
Dodge: Dodged            |    46 |    66 ||   112
Block: Shield            |    90 |   121 ||   211

Table legend:
 A = Non-vault XP
 B = Vault XP
 C = Vault XP percentage of total XP
 D = Non-vault monster count
 E = Vault monster count
 F = Vault count percentage of total count
                 A         B        C        D         E       F
            +---------+---------+-------+---------+---------+-------
      Total |     451 |       3 |   0.7 |      78 |       2 |   2.5
            +---------+---------+-------+---------+---------+-------
        D:1 |      43 |       3 |   6.5 |      22 |       2 |   8.3
        D:2 |      96 |       0 |   0.0 |      24 |       0 |   0.0
        D:3 |     275 |       0 |   0.0 |      22 |       0 |   0.0
        D:4 |      32 |       0 |   0.0 |       8 |       0 |   0.0
        D:5 |       5 |       0 |   0.0 |       2 |       0 |   0.0
            +---------+---------+-------+---------+---------+-------

Vault maps used:
D:1:      kilobyte_arrival_exit_the_forest, minmay_domino_4
D:2:      grunt_temple_overflow_opulence, nicolae_overflow_hidden_temple,
          first_ration, patterned_corridor
D:3:      gammafunk_temple_overflow_claw, serial_park_tiny_1,
          grunt_decor_mini_mirrors
D:4:      overflow_temple_1_default
D:5:      temple_green

Table legend:
 A = Turns spent in this place as a percentage of turns spent in the entire game.
 B = Non-inter-level travel turns spent in this place as a percentage of non-inter-level travel turns spent in the entire game.
 C = Inter-level travel turns spent in this place as a percentage of turns spent in this place.
 D = Turns resting spent in this place as a percentage of non-inter-level travel turns spent in this place.
 E = Turns spent auto-exploring this place as a percentage of non-inter-level travel turns spent in this place.
 F = Non-inter-level travel turns spent in this place divided by the number of levels of this place that you've seen.
                   A       B       C       D       E      F
               +-------+-------+-------+-------+-------+----------------------
         Total | 100.0 | 100.0 |   2.6 |  27.5 |  53.1 | 735.0
       Dungeon | 100.0 | 100.0 |   2.6 |  27.5 |  53.1 | 735.0
               +-------+-------+-------+-------+-------+----------------------

Table legend:
 A = Kills in this place as a percentage of kills in entire the game.
 B = Kills by you in this place as a percentage of kills by you in the entire game.
 C = Kills by friends in this place as a percentage of kills by friends in the entire game.
 D = Other kills in this place as a percentage of other kills in the entire game.
 E = Experience gained in this place as a percentage of experience gained in the entire game.
 F = Experience gained in this place divided by the number of levels of this place that you have seen.
                   A       B       C       D       E      F
               +-------+-------+-------+-------+-------+----------------------
         Total | 100.0 | 100.0 |   N/A |   N/A | 100.0 |  90.8
       Dungeon | 100.0 | 100.0 |   N/A |   N/A | 100.0 |  90.8
               +-------+-------+-------+-------+-------+----------------------
